AoeStats
← Rodrigo Lao Tse

Migration

508321375Analyzed
1v1 RM · 10d ago on Sep 21, 2026· 54m 13s· 2 players
Game mode
Random Map
Map size
132×132
Population
200
Speed
Normal
Resources
Standard
Victory
Conquest
Starting age
Dark Age
Ending age
Imperial Age
RankedLock teamsTeams togetherTeam positionsShared explorationLock speedFull tech treeHidden civsTurbo modeCheats
Victory
Defeat
🇨🇱 Maya · Chile
829
+27
🇨🇱 Portuguese · Chile
811
-15
Tony
0:49 Loom
10:41 Feudal Age
12:14 Wheelbarrow
12:50 Horse Collar
13:47 Town Watch
25:30 Fishing Lines
29:48 Double-Bit Axe
30:02 Stone Mining
30:06 Gold Mining
38:32 Castle Age
36:20 Town Watch
37:56 Fletching
42:34 Imperial Age
42:11 Bodkin Arrow
42:35 Heated Shot
43:04 Murder Holes
54:47 Bow Saw
Rodrigo Lao Tse
0:31 Loom
11:52 Feudal Age
13:18 Double-Bit Axe
24:12 Wheelbarrow
23:22 Town Watch
25:36 Fletching
25:45 Horse Collar
32:06 Castle Age
31:47 Scale Mail Armor
35:27 Squires
34:47 Eagle Warrior
36:32 Chain Mail Armor
37:51 Arson
38:52 Hand Cart
41:02 Bodkin Arrow
42:33 Bow Saw
45:48 Gold Mining
55:34 Imperial Age
Connection lost

Rejoining the realm…

Still unreachable

The connection could not be restored.

Session expired

The server has moved on; the page needs a fresh start.